 Dungeon Crawl Stone Soup version 0.32-a0-999-gfa1cc04b1d (webtiles) character file.

Game seed: 9368616689779166280

238 chippings the Slasher (level 5, 0/46 HPs)
             Began as a Draconian Wanderer on Apr 25, 2024.
             Was a Follower of Uskayaw.
             Killed by nerve-wracking pain
             ... invoked by Grinder
              (9 damage)
             ... on level 3 of the Dungeon.
             The game lasted 00:05:33 (2161 turns).

chippings the Slasher (Draconian Wanderer)          Turns: 2161, Time: 00:05:34

Health: 0/46       AC:  5    Str: 16    XL:     5   Next: 78%
Magic:  8/8        EV: 11    Int: 11    God:    Uskayaw [*.....]
Gold:   154        SH:  0    Dex: 12    Spells: 6/8 levels left

rFire   . . .        a - +3 falchion
rCold   . . .        (no shield)
rNeg    . . .        (body armour unavailable)
rPois   .            (helmet restricted)
rElec   .            (no cloak)
rCorr   .            (no gloves)
SInv    .            (no boots)
Will    .....        (no amulet)
Stlth   +            (no ring)
HPRegen 0.27/turn    (no ring)
MPRegen 0.11/turn

%: no passive effects
@: mighty
A: AC +5, unfitting armour, cold-blooded
a: Renounce Religion, Stomp


You were on level 3 of the Dungeon.
You worshipped Uskayaw.
Uskayaw was noncommittal.
You visited 1 branch of the dungeon, and saw 3 of its levels.

You collected 154 gold pieces.

Inventory:

Hand Weapons
 a - a +3 falchion (weapon)
 i - a +2 dagger of speed
Missiles
 e - 5 poisoned darts (quivered)
 h - a throwing net
Scrolls
 b - a scroll of teleportation
 f - a scroll of vulnerability {unknown}
 g - 2 scrolls of identify {unknown}
Potions
 j - a potion of degeneration {unknown}


   Skills:
 + Level 4.3 Fighting
 + Level 0.3(3.4) Short Blades
 + Level 5.6(5.7) Long Blades
 + Level 2.4 Dodging
 - Level 2.0 Spellcasting
 + Level 2.2 Translocations
 + Level 0.0 Invocations
 - Level 1.0 Evocations


You had 6 spell levels left.
You knew the following spells:

 Your Spells              Type           Power      Damage    Failure   Level
a - Blink                 Tloc           12%        N/A       19%         2

Your spell library contained the following spells:

 Spells                   Type           Power      Damage    Failure   Level
 Freeze                   Ice            4%         1d3       28%         1
 Magic Dart               Conj           4%         1d3       28%         1
 Slow                     Hex            4%         N/A       28%         1
 Call Imp                 Summ           2%         N/A       41%         2
 Frozen Ramparts          Ice            2%         1d1       65%         3
 Hailstorm                Conj/Ice       1%         3d5       65%         3


Dungeon Overview and Level Annotations

Branches:
Dungeon (3/15)

Altars:
Uskayaw

Annotations:
D:2 1 runed translucent door, Crazy Yiuf
D:3 Grinder, Sigmund


Innate Abilities, Weirdness & Mutations

Your plain brown scales are hard. (AC +5)
You cannot fit into any form of body armour.
You are cold-blooded and may be slowed by cold attacks.


Message History

You closely miss Grinder. Grinder gestures at you.
You suddenly lose the ability to move!
Grinder rolls her eyes.
Grinder hits you but does no damage. Grinder hits you.
You can move again.
You hit Grinder.
Your tail-slap misses Grinder.
Grinder is lightly wounded.
Grinder hits you but does no damage.
You barely miss Grinder.
You tail-slap Grinder, but do no damage.
Grinder is lightly wounded.
Grinder hits you!
You writhe in agony.
You hit Grinder.
Grinder is moderately wounded.
Grinder blinks!
You see here the felid corpse of Natasha.
Grinder hits you.
You barely miss Grinder. You tail-slap Grinder.
Grinder is moderately wounded.
Grinder hits you but does no damage.
You hit Grinder.
Grinder is moderately wounded.
Grinder gestures at you. Pain shoots through your body!
You barely miss Grinder.
Grinder is moderately wounded.
Grinder hits you.
You writhe in agony.
* * * LOW HITPOINT WARNING * * *
You hit Grinder.
Grinder is heavily wounded.
Grinder hits you.
* * * LOW HITPOINT WARNING * * *
You feel very mighty all of a sudden. Grinder gestures at you.
Pain shoots through your body!
You die...
Grinder says, "Hey, I wasn't done torturing you yet!"
Your body falls in perfect tune with the rhythm.

#####.##.# #..
)...... ##.
##...### #####.
#...# ###.....
#...####....##.
#.)...##....##.
#.....<'....###
#######...##....###
#.@.......÷........
#5#####............
#.# #.......#####
#.# #.......#....
#.# #####'###....
#†# #............
#.#####.........@##
#................#
#......5.##'#######


You could see Grinder.

Vanquished Creatures
  A scorpion (D:3)
  A hound (D:3)
  Jessica (D:2)
  Natasha (D:3)
  Terence (D:2)
  2 adders
  A dart slug (D:2)
  A ribbon worm (D:2)
  An orc (D:3)
  A ball python (D:1)
  7 bats
  4 endoplasms
  4 giant cockroaches
  3 goblins
  6 hobgoblins
  2 quokkas
  4 frilled lizards
  4 kobolds
  3 rats
48 creatures vanquished.

Notes
Turn   | Place    | Note
-------+----------+-------------------------------------------
     0 | D:1      | chippings the Draconian Wanderer began the quest for the
                  | Orb.
     0 | D:1      | chippings set off with the following items: a +3 falchion,
                  | a scroll of teleportation, a potion of might.
     0 | D:1      | Reached XP level 1. HP: 19/19 MP: 1/1
   208 | D:1      | Reached XP level 2. HP: 26/26 MP: 2/2
   886 | D:2      | Found a faded altar of an unknown god.
   897 | D:2      | Got Plato's Enchiridion on Ensorcelling
   925 | D:2      | Noticed Terence
   963 | D:2      | Found a runed translucent door.
   964 | D:2      | Noticed Crazy Yiuf
   991 | D:2      | Killed Terence
   992 | D:2      | Reached skill level 1 in Spellcasting
   992 | D:2      | Reached skill level 1 in Translocations
   992 | D:2      | Reached XP level 3. HP: 19/33 MP: 4/4
  1083 | D:2      | Noticed Jessica
  1083 | D:2      | You fall into a shaft and drop 1 floor!
  1105 | D:3      | Noticed a scorpion
  1116 | D:3      | Killed a scorpion
  1117 | D:3      | Reached XP level 4. HP: 13/40 MP: 4/6
  1340 | D:2      | Killed Jessica
  1341 | D:2      | Reached XP level 5. HP: 31/46 MP: 7/7
  1739 | D:3      | Learned a level 2 spell: Blink
  1836 | D:3      | Found a hide-covered altar of Uskayaw.
  1952 | D:3      | Became a worshipper of Uskayaw the Reveller
  2013 | D:3      | Noticed Sigmund
  2119 | D:3      | Noticed Natasha
  2126 | D:3      | Reached * piety under Uskayaw
  2129 | D:3      | Reached ** piety under Uskayaw
  2131 | D:3      | Killed Natasha
  2133 | D:3      | Noticed Grinder
  2137 | D:3      | Paralysed by Grinder for 3 turns
  2161 | D:3      | Killed from afar by Grinder

Illustrated notes

Levels and vault maps discovered:
D:1:      heliophobic_arrival_dark_side_of_the_moon, layout_loops_ring,
          serial_bayou, serial_bayou_crossing, serial_bayou_ford_a,
          serial_bayou_pond_a, serial_bayou_pond_d, serial_bayou_pond_d,
          serial_bayou_pond_e, chequers_serial_rivers_micro_b, nrook_mini_vaults
D:2:      minmay_door_path, layout_rooms, shapermc_ecumenical_altar_rom_forum,
          uniq_crazy_yiuf_cottage, uniq_terence, uniq_jessica
D:3:      layout_basic, general_overflow_altar, uniq_natasha, uniq_sigmund,
          uniq_grinder

Skill      XL: |  1  2  3  4  5 |
---------------+----------------+-----
Spellcasting   | 1 2 |  2.0
Translocations | 1 2 |  2.2
Fighting       | 4 |  4.3
Dodging        | 2 |  2.4
Short Blades   | |  0.3
Long Blades    | |  5.6
Evocations     | |  1.0

Action                     |  1- 3 |  4- 6 || total
---------------------------+-------+-------++-------
  Melee: Falchion          |    83 |    75 ||   158
         Tailslap          |     7 |     7 ||    14
    Use: Potion            |       |     2 ||     2
         Scroll            |       |     1 ||     1
   Stab: Sleeping          |       |     3 ||     3
 Armour: Skin              |    64 |    65 ||   129
  Dodge: Dodged            |    38 |    46 ||    84

Table legend: (Time is in decaauts)
 A = Elapsed time spent in this place.
 B = Non-inter-level travel time spent in this place.
 C = Inter-level travel time spent in this place.
 D = Time resting spent in this place.
 E = Time spent auto-exploring this place.
 F = Levels seen in this place.
 G = Mean time per level.
                   A        B        C        D        E       F      G
               +--------+--------+--------+--------+--------+-----+--------+
         Total |   2200 |   2160 |     40 |    194 |   1078 |   3 |  733.3 |
       Dungeon |   2200 |   2160 |     40 |    194 |   1078 |   3 |  733.3 |
               +--------+--------+--------+--------+--------+-----+--------+

Top non-repeatable levels by time:
     D:1: 811 daAuts
     D:2: 732 daAuts
     D:3: 655 daAuts
